 Dungeon Crawl Stone Soup version 0.27-a0-668-gb5737ff2c0 (webtiles) character file.

Game seed: 16247729657617871558

240 rageheart7 the Skirmisher (level 5, -3/44 HPs)
             Began as a Demonspawn Fighter on Mar 18, 2021.
             Was an Initiate of Qazlal.
             Slain by a white imp (5 damage)
             ... summoned by Natasha
             ... on level 3 of the Dungeon.
             The game lasted 00:02:40 (2970 turns).

rageheart7 the Skirmisher (Demonspawn Fighter)      Turns: 2970, Time: 00:02:41

Health: -3/44      AC:  7    Str: 17    XL:     5   Next: 80%
Magic:  5/5        EV:  9    Int: 10    God:    Qazlal [......]
Gold:   75         SH:  0    Dex: 12    Spells: 4/4 levels left

rFire    . . .     SeeInvis .   h - +0 quarterstaff
rCold    . . .     Faith    .   (shield currently unavailable)
rNeg     . . .     Spirit   .   b - +0 scale mail
rPois    .         Reflect  .   l - +0 helmet
rElec    .         Harm     .   (no cloak)
rCorr    .         Rampage  .   (no gloves)
Will     .....                  (no boots)
Stlth    ..........             (no amulet)
HPRegen  0.14/turn              (no ring)
MPRegen  0.18/turn              (no ring)

@: no status effects
A: magic regeneration
a: Renounce Religion


You were on level 3 of the Dungeon.
You worshipped Qazlal.
Qazlal was noncommittal.
You visited 1 branch of the dungeon, and saw 3 of its levels.

You collected 75 gold pieces.

Inventory:

Hand Weapons
 a - a +0 flail
 h - a +0 quarterstaff (weapon)
Missiles
 g - 6 boomerangs (quivered)
Armour
 b - a +0 scale mail (worn)
 c - a +0 kite shield
 l - a +0 helmet (worn)
Jewellery
 e - a +4 ring of protection
Scrolls
 d - a scroll of enchant weapon {unknown}
 f - a scroll of magic mapping {unknown}
 i - a scroll of silence {unknown}
 j - a scroll of fog {unknown}
 k - 2 scrolls of identify {unknown}


   Skills:
 * Level 5.3 Fighting
 - Level 2.0(2.8) Maces & Flails
 + Level 3.0(3.3) Staves
 - Level 2.6 Armour
 - Level 2.6 Shields


You had 4 spell levels left.
You didn't know any spells.
Your spell library contained the following spells:

 Spells                   Type           Power      Damage    Failure   Level
 Confusing Touch          Hex            0%         N/A       98%         3
 Gell's Gravitas          Tloc           0%         N/A       98%         3
 Petrify                  Tmut/Erth      0%         N/A       100%        4
 Metabolic Englaciation   Hex/Ice        0%         N/A       100%        5
 Yara's Violent Unravell  Hex/Tmut       0%         3d3       100%        5


Dungeon Overview and Level Annotations

Branches:
Dungeon (3/15)

Altars:
Qazlal

Shops:
D:3 [

Annotations:
D:3 Natasha


Innate Abilities, Weirdness & Mutations

You regenerate magic rapidly.


Message History

The white imp gestures at you. The puff of frost hits you!
You are too injured to fight recklessly!
You are too injured to fight recklessly!
You are too injured to fight recklessly!
You are too injured to fight recklessly!
You are too injured to fight recklessly!
You are too injured to fight recklessly!
You are too injured to fight recklessly!
You are too injured to fight recklessly!
You closely miss Natasha.
Natasha is heavily wounded.
Natasha barely misses you. The white imp closely misses you.
You closely miss Natasha.
Natasha is heavily wounded.
Natasha claws you but does no damage. The white imp gestures at you.
The puff of frost hits you. Natasha casts a spell at you.
The magic dart hits you.
You hit Natasha.
Natasha is almost dead.
The white imp gestures at you. The puff of frost hits you. Natasha claws you.
* * * LOW HITPOINT WARNING * * *
Unknown command.
You closely miss Natasha.
Natasha is almost dead.
The white imp hits you.
* * * LOW HITPOINT WARNING * * *
The white imp freezes you.
* * * LOW HITPOINT WARNING * * *
Natasha claws you.
* * * LOW HITPOINT WARNING * * *
You closely miss Natasha.
Natasha is almost dead.
The white imp hits you.
* * * LOW HITPOINT WARNING * * *
The white imp freezes you.
You die...

#. #. ##....# #.##.
###....... # ....
#.........
..###..######.........
......................
#......#.............
.#..........#..†......
..?......##.∩.<.......
.##....@#####.........
#...5h# #.........
#.....# #.........
#.....# #.........
#.....# #########.
#.....# #.....#
#######


You could see Natasha and a white imp (summoned).

Vanquished Creatures
  Sigmund (D:2)
  Robin (D:2)
  A gnoll (D:1)
  An adder (D:2)
  3 worms
  5 bats
  A giant cockroach (D:1)
  11 goblins (D:2)
  5 hobgoblins (D:2)
  3 jackals (D:1)
  4 kobolds (D:2)
  A quokka (D:2)
  A ball python (D:1)
  2 frilled lizards (D:2)
  A rat (D:3)
41 creatures vanquished.

Notes
Turn   | Place    | Note
-------+----------+-------------------------------------------
     0 | D:1      | rageheart7 the Demonspawn Fighter began the quest for the
                  | Orb.
     0 | D:1      | Reached XP level 1. HP: 18/18 MP: 1/1
   130 | D:1      | Gained mutation: You regenerate magic rapidly. [demonic
                  | ancestry]
   130 | D:1      | Reached XP level 2. HP: 11/24 MP: 2/2
   822 | D:2      | Noticed Sigmund
  1284 | D:2      | Found a stormy altar of Qazlal.
  1286 | D:2      | Noticed a fire elemental
  1287 | D:2      | Noticed an air elemental
  1287 | D:2      | Noticed an earth elemental
  1287 | D:2      | Noticed a water elemental
  1363 | D:2      | Became a worshipper of Qazlal Stormbringer
  1380 | D:2      | Killed Sigmund
  1381 | D:2      | Reached skill level 5 in Fighting
  1381 | D:2      | Reached XP level 3. HP: 7/33 MP: 3/3
  1381 | D:2      | Reached XP level 4. HP: 8/39 MP: 4/4
  1381 | D:2      | Reached XP level 5. HP: 9/44 MP: 5/5
  2245 | D:2      | Noticed Robin
  2285 | D:2      | Killed Robin
  2851 | D:3      | Found Lyluebb's Antique Armour Shop.
  2956 | D:3      | Noticed Natasha
  2970 | D:3      | HP: 2/44 [white imp[Natasha] (1)]
  2970 | D:3      | Slain by a white imp

Illustrated notes

Levels and vault maps discovered:
D:1:      ncdulo_smallfort, layout_basic
D:2:      layout_basic, nicolae_qazlal_style_of_elements, uniq_robin,
          uniq_sigmund
D:3:      layout_rooms, serial_shops, shop, lemuel_another_geyser, uniq_natasha

Skill      XL: |  1  2  3  4  5 |
---------------+----------------+-----
Maces & Flails | 2 |  2.0
Fighting       | 5 |  5.3
Staves         | 2 3 |  3.0
Armour         | |  2.6
Shields        | |  2.6

Action                   |  1- 3 |  4- 6 || total
-------------------------+-------+-------++-------
Melee: Flail             |     2 |       ||     2
       Quarterstaff      |    41 |    84 ||   125
  Use: Potion            |     4 |       ||     4
Armor: Scale mail        |    28 |    42 ||    70
Dodge: Dodged            |    27 |    41 ||    68

Table legend: (Time is in decaauts)
 A = Elapsed time spent in this place.
 B = Non-inter-level travel time spent in this place.
 C = Inter-level travel time spent in this place.
 D = Time resting spent in this place.
 E = Time spent auto-exploring this place.
 F = Levels seen in this place.
 G = Mean time per level.
                   A        B        C        D        E       F      G
               +--------+--------+--------+--------+--------+-----+--------+
         Total |   2993 |   2809 |    184 |    455 |   2057 |   3 |  997.7 |
       Dungeon |   2993 |   2809 |    184 |    455 |   2057 |   3 |  997.7 |
               +--------+--------+--------+--------+--------+-----+--------+

Top non-repeatable levels by time:
     D:2: 1827 daAuts
     D:1: 1043 daAuts
     D:3: 122 daAuts
